 Dungeon Crawl Stone Soup version 0.29.1-13-g9f3cf754e1 (webtiles) character file.

Game seed: 12902780196419282688

74 cdecastro the Vexing (level 4, -2/18 HPs)
             Began as a Felid Enchanter on Feb 6, 2023.
             Slain by an adder (3 damage)
             ... in a sewer.
             The game lasted 00:06:30 (3829 turns).

cdecastro the Vexing (Felid Enchanter)              Turns: 3829, Time: 00:06:30

Health: -2/18      AC:  1    Str:  4    XL:     4   Next: 9%
Magic:  8/8        EV: 17    Int: 18    God:
Gold:   54         SH:  0    Dex: 16    Spells: 2/7 levels left
                                        Lives:  0   Deaths: 1

rFire   . . .      SeeInvis +     - Unarmed
rCold   . . .      Faith    .   (shield unavailable)
rNeg    . . .      Spirit   .   (body armour unavailable)
rPois   .          Reflect  .   (helmet unavailable)
rElec   .          Harm     .   (cloak unavailable)
rCorr   .          Rampage  .   (gloves unavailable)
Will    .....                   (boots unavailable)
Stlth   +++.......              (no amulet)
HPRegen 0.06/turn               (no ring)
MPRegen 0.11/turn               (no ring)

@: invisible (expiring), quick
A: very small, claws 1, fangs 3, see invisible, speed 1, shaggy fur 1, stealthy
paws, no weapons or thrown items, no armour, multi-lived
a: no special abilities


You were in a sewer.
You visited 1 branch of the dungeon, and saw 3 of its levels.
You also visited: Sewer.

You collected 82 gold pieces.
You spent 28 gold pieces at shops.

Inventory:

Jewellery
 f - an amulet of faith
Scrolls
 b - 2 scrolls of fog {unknown}
 g - a scroll of immolation {unknown}
Potions
 a - a potion of invisibility
 c - a potion of cancellation
 d - a potion of ambrosia
 e - a potion of attraction {unknown}
 h - a potion of heal wounds {unknown}
 j - 2 potions of degeneration {unknown}
 k - 2 potions of curing {unknown}


   Skills:
 - Level 2.6 Dodging
 + Level 5.4 Stealth
 - Level 1.0 Unarmed Combat
 - Level 2.0 Spellcasting
 * Level 7.0 Hexes


You had 2 spell levels left.
You knew the following spells:

 Your Spells              Type           Power      Damage    Failure   Level
a - Ensorcelled Hibernat  Hex/Ice        28%        N/A       6%          2
b - Confusing Touch       Hex            27%        N/A       3%          3

Your spell library contained the following spells:

 Spells                   Type           Power      Damage    Failure   Level
 Tukima's Dance           Hex            27%        N/A       3%          3
 Dazzling Flash           Conj/Hex       28%        N/A       13%         3
 Alistair's Intoxication  Tmut/Pois      0%         N/A       99%         5
 Borgnjor's Vile Clutch   Necr/Erth      0%         N/A       99%         5
 Eringya's Noxious Bog    Tmut/Pois      0%         N/A       100%        6


Dungeon Overview and Level Annotations

Branches:
Dungeon (3/15)              Sewer (1/1)

Altars:

Shops:
D:2 ?


Innate Abilities, Weirdness & Mutations

You have sharp claws.
You have razor-sharp teeth.
You have supernaturally acute eyesight. (SInv)
You cover ground quickly. (Speed+)
You are covered in fur. (AC +1)
Your paws help you pounce on unaware monsters.
You are incapable of wielding weapons or throwing items.
You cannot wear armour.
You gain extra lives every three experience levels.


Message History

You miss the sickly merfolk siren.
The sickly merfolk siren is severely wounded.
The rat barely misses you.
The sickly merfolk siren closely misses you.
The adder misses you.
You closely miss the sickly merfolk siren.
The sickly merfolk siren is severely wounded.
The adder closely misses you.
The sickly merfolk siren chants its luring song.
You pounce on the helpless sickly merfolk siren from behind!
You claw the sickly merfolk siren!
You are no longer entranced.
You kill the sickly merfolk siren!
You hear a splash.
The adder closely misses you. The rat closely misses you.
Your Hexes skill increases to level 7!
Welcome back to level 4!
You scratch the adder.
The adder is lightly wounded.
The adder misses you. The rat closely misses you.
You miss the adder.
The adder is lightly wounded.
The adder completely misses you.
You scratch the adder. Your claw misses the adder.
The adder is moderately wounded.
The rat bites you.
* * * LOW HITPOINT WARNING * * *
The adder hisses angrily.
You scratch the rat.
You kill the rat!
You barely miss the rat.
The adder hisses angrily.
You barely miss the adder.
The adder is lightly wounded.
You barely miss the rat. You bite the rat.
The rat is severely wounded.
You miss the adder.
The adder is lightly wounded.
You flicker for a moment.
The adder bites you.
You die...

#### ≈##########
#######
~~~~~~~~≈≈#
!..$$$#
#######~~≈### .~.r
#.#≈≈≈###~####
#†##~~~~~~≈≈≈#
#†......~~~≈~# #
#######..r)~~#~~≈#
##..@Sr~~#
###...~## ######


You could see an adder (unable to see you) and 2 rats.

Vanquished Creatures
  A merfolk siren (Sewer)
  4 adders
  2 worms (D:2)
  A dart slug (D:2)
  5 endoplasms
  5 giant cockroaches
  5 goblins
  3 hobgoblins
  A kobold (D:1)
  A quokka (D:2)
  6 ball pythons
  3 bats
  12 rats
49 creatures vanquished.

Vanquished Creatures (others)
  A fungus (D:1)
  2 plants (D:1)
3 creatures vanquished.

Grand Total: 52 creatures vanquished

Notes
Turn   | Place    | Note
-------+----------+-------------------------------------------
     0 | D:1      | cdecastro the Felid Enchanter began the quest for the Orb.
     0 | D:1      | Reached XP level 1. HP: 7/7 MP: 4/4
   580 | D:1      | Reached skill level 5 in Hexes
   686 | D:1      | Reached XP level 2. HP: 11/11 MP: 6/6
  1025 | D:2      | Learned a level 2 spell: Ensorcelled Hibernation
  2214 | D:1      | Found a faded altar of an unknown god.
  2496 | D:2      | Reached XP level 3. HP: 14/14 MP: 7/7
  2637 | D:2      | Found Fajeahipn's Magic Scroll Emporium.
  2640 | D:2      | Bought a scroll of identify for 28 gold pieces
  2831 | D:2      | Reached skill level 6 in Hexes
  3026 | D:2      | Reached skill level 5 in Stealth
  3246 | D:3      | Reached XP level 4. HP: 18/18 MP: 8/8
  3362 | D:3      | Slain by an orc
  3363 | D:3      | Reached XP level 3. HP: 0/14 MP: 1/7
  3398 | D:3      | Learned a level 3 spell: Confusing Touch
  3424 | D:3      | Found a glowing drain.
  3602 | Sewer    | Entered a sewer
  3799 | Sewer    | Noticed a sickly merfolk siren
  3821 | Sewer    | Killed a sickly merfolk siren
  3822 | Sewer    | Reached skill level 7 in Hexes
  3822 | Sewer    | Reached XP level 4. HP: 4/18 MP: 8/8
  3829 | Sewer    | Slain by an adder

Illustrated notes

Levels and vault maps discovered:
D:1:      heliophobic_arrival_battle_scene, layout_basic,
          shapermc_ecumenical_altar_mp_urbaneastern, wad_floor_pattern_untrapped
D:2:      minmay_wonky_spiral, layout_loops_ring, serial_shops,
          nicolae_shop_window_shopping
D:3:      layout_rooms, nzn_wu_jian_contemplation, gup_sewer_entry_glass,
          nrook_uturn, amcnicky_mini_rare_corridor_liquid, kennysheep_orc_chapel
Sewer:    sewer_sea

Skill      XL: |  1  2  3 |
---------------+----------+-----
Hexes          | 5 7 |  7.0
Stealth        | 5 |  5.4
Dodging        | |  2.6
Unarmed Combat | |  1.0
Spellcasting   | |  2.0

Action                   |  1- 3 |  4- 6 || total
-------------------------+-------+-------++-------
Melee: Unarmed           |   120 |    13 ||   133
       Bite              |    10 |     1 ||    11
       Punch             |     1 |       ||     1
 Cast: Ensorcelled Hiber |    13 |     3 ||    16
       Confusing Touch   |     1 |       ||     1
  Use: Scroll            |     2 |       ||     2
       Potion            |     1 |       ||     1
 Stab: Sleeping          |    23 |     1 ||    24
       Confused          |     1 |       ||     1
       Invisible         |     1 |       ||     1
Armor: Skin              |     5 |       ||     5
Dodge: Dodged            |   103 |    12 ||   115
